 Dungeon Crawl Stone Soup version 0.32-a0-933-ga8fa3634e4 (webtiles) character file.

Game seed: 1465409867591758410

12602 Fodor the Basher (level 11, 0/97 HPs)
             Began as a Minotaur Fighter on Apr 15, 2024.
             Was an Initiate of Gozag.
             Slain by a skeletal warrior
             ... wielding a +0 dire flail
              (9 damage)
             ... on level 10 of the Dungeon.
             The game lasted 00:43:42 (11703 turns).

Fodor the Basher (Minotaur Fighter)                Turns: 11703, Time: 00:43:43

Health: 0/97       AC: 31    Str: 24    XL:     11   Next: 64%
Magic:  10/10      EV:  8    Int:  7    God:    Gozag
Gold:   381        SH: 10    Dex:  9    Spells: 10/10 levels left

rFire   . . .        l - +2 flail (heavy)
rCold   . . .        c - +0 buckler
rNeg    . . .        C - +2 shadow dragon scales
rPois   .            (helmet restricted)
rElec   .            z - +0 cloak
rCorr   .            f - +0 pair of gloves
SInv    .            t - +0 pair of boots
Will    .....        w - amulet of reflection
Stlth   +++          q - +4 ring of protection
HPRegen 0.36/turn    H - +4 ring of protection
MPRegen 0.12/turn

%: reflection
@: about to teleport
A: horns 2, retaliatory headbutt
a: Renounce Religion, Potion Petition, Call Merchant, Bribe Branch


You were on level 10 of the Dungeon.
You worshipped Gozag.
Gozag was aware of your devotion.
You visited 2 branches of the dungeon, and saw 11 of its levels.

You collected 1858 gold pieces.
You spent 1382 gold pieces at shops.
You paid 95 gold pieces to Gozag.

Inventory:

Hand Weapons
 e - a +2 orcbow of electrocution
 l - a +2 heavy flail (weapon)
 p - a +0 arbalest
 J - a +1 battleaxe
Armour
 c - a +0 buckler (worn)
 f - a +0 pair of gloves (worn)
 t - a +0 pair of boots (worn)
 z - a +0 cloak (worn)
 C - +2 shadow dragon scales (worn)
 I - a scarf of resistance
Jewellery
 i - a +6 ring of intelligence
 q - a +4 ring of protection (left hand)
 w - an amulet of reflection (around neck)
 H - a +4 ring of protection (right hand)
Talismans
 A - a serpent talisman
Wands
 G - a wand of light (21)
Scrolls
 a - 2 scrolls of revelation
 g - a scroll of noise
 j - 3 scrolls of fog
 k - a scroll of immolation
 r - 4 scrolls of teleportation
 s - 2 scrolls of vulnerability
 v - a scroll of amnesia
 F - a scroll of poison {unknown}
Potions
 b - a potion of resistance {unknown}
 d - 2 potions of might
 h - 3 potions of enlightenment
 m - 4 potions of lignification {unknown}
 n - a potion of haste
 o - 3 potions of degeneration {unknown}
 u - 4 potions of brilliance
 x - a potion of curing
 B - a potion of invisibility
 E - a potion of attraction {unknown}
 L - a potion of ambrosia {unknown}


   Skills:
 + Level 9.0 Fighting
 + Level 6.0(9.9) Axes
 + Level 12.2(12.8) Maces & Flails
 + Level 2.2 Ranged Weapons
 + Level 11.6 Armour
 + Level 5.1 Dodging
 + Level 3.6 Stealth
 + Level 9.0 Shields


You had 10 spell levels left.
You didn't know any spells.
Your spell library contained the following spells:

 Spells                   Type           Power      Damage    Failure   Level
 Foxfire                  Conj/Fire      0%         2x1d4     95%         1
 Slow                     Hex            0%         N/A       95%         1
 Lesser Beckoning         Tloc           0%         N/A       99%         2
 Confusing Touch          Hex            0%         N/A       100%        3
 Maxwell's Portable Pile  Tloc           0%         2d(5-13)  100%        3
 Teleport Other           Tloc           0%         N/A       100%        3
 Vampiric Draining        Necr           0%         2d6       100%        3
 Leda's Liquefaction      Alch/Erth      0%         N/A       100%        4
 Olgreb's Toxic Radiance  Alch           0%         N/A       100%        4
 Lee's Rapid Deconstruct  Erth           0%         3d4*      100%        5
 Permafrost Eruption      Ice/Erth       0%         2x4d1     100%        6
 Plasma Beam              Fire/Air       0%         2x1d10    100%        6
 Starburst                Conj/Fire      0%         6d3       100%        6
 Ozocubu's Refrigeration  Ice            0%         4d7       100%        7
 Discord                  Hex            0%         N/A       100%        8


Dungeon Overview and Level Annotations

Branches:
Dungeon (10/15)            Temple (1/1) D:5            Lair (0/5) D:8
    Orc (0/2) D:9

Altars:
Ashenzari
Cheibriados
Elyvilon
Fedhas
Gozag
Hepliaklqana
Kikubaaqudgha
Makhleb
Nemelex Xobeh
Okawaru
Qazlal
Ru
Sif Muna
Trog
Uskayaw
Vehumet
Wu Jian
Xom
Yredelemnul
Zin
The Shining One

Shops:
D:3 (   D:5 *[*

Portals:
Trove: D:10 (give 2 scrolls of acquirement)


Innate Abilities, Weirdness & Mutations

You have a pair of horns on your head.
You reflexively headbutt those who attack you in melee.


Message History

Your headbutt misses the eight-headed hydra.
The eight-headed hydra is moderately wounded.
The eight-headed hydra bites you but does no damage. x2
The eight-headed hydra closely misses you.
The eight-headed hydra bites you but does no damage. x3
You block the eight-headed hydra's attack.
The eight-headed hydra bites you but does no damage.
The skeletal warrior hits you with a +0 dire flail!
The deep elf pyromancer casts a spell.
The deep elf pyromancer blinks!
The boulder beetle leaps!
As you read the scroll of teleportation, it crumbles to dust.
You feel strangely unstable.
The skeletal warrior hits you but does no damage.
You block the eight-headed hydra's attack.
The eight-headed hydra bites you but does no damage. x2
The eight-headed hydra barely misses you.
The eight-headed hydra bites you but does no damage.
The eight-headed hydra bites you!
You block the eight-headed hydra's attack.
The eight-headed hydra bites you!
* * * LOW HITPOINT WARNING * * *
Okay, then.
You thump the eight-headed hydra!
The eight-headed hydra is heavily wounded.
The laughing skull is no longer distracted by gold.
A skeletal warrior comes into view. It is wielding a +0 broad axe.
The skeletal warrior hits you with a +0 dire flail.
* * * LOW HITPOINT WARNING * * *
The eight-headed hydra bites you but does no damage.
You block the eight-headed hydra's attack.
The eight-headed hydra closely misses you.
You block the eight-headed hydra's attack.
The eight-headed hydra bites you!
* * * LOW HITPOINT WARNING * * *
The eight-headed hydra bites you but does no damage. x3
You hit the eight-headed hydra. You headbutt the eight-headed hydra.
The eight-headed hydra is severely wounded.
The skeletal warrior hits you with a +0 dire flail!
You die...
Your body crumbles into a pile of gold.

.#
##..#.....#...........#
.#
#..#)#.#.#...........#
#')#.#.'..#######..#
##)#)#.#.## #..#
#.)...#.# #..#
###+###.# #..# .
...#.########..#
.[}e#####.#...........#
}.)zcCz@D.'...........#
.:[g#z###.#...........#
. # .e.#...........# '
#+###...........#
#...........#
#...........#
+...........#
#...........#
#..########)#


You could see an eight-headed hydra, 2 skeletal warriors, a centaur warrior, a
cyclops, a deep elf pyromancer, a gnoll sergeant and a laughing skull.

Vanquished Creatures
  A boulder beetle (D:9)
  3 two-headed ogres (D:9)
  Pikel (D:5)
  The ghost of runemasterragnar the Shooter, a novice CoHu of Okawaru (D:6)
  A cyclops (D:8)
  2 gargoyles (D:10)
  Maggie (D:10)
  An unseen horror (D:10)
  A hornet (D:9)
  3 trolls (D:9)
  2 wraiths
  5 yaks
  2 wyverns
  Eustachio (D:5)
  Grum (D:8)
  2 steam dragons
  5 orc warriors
  A water moccasin (D:7)
  3 ice beasts
  A black bear (D:2)
  A sky beast (D:7)
  7 centaurs
  3 ogres
  A phantom (D:4)
  6 wolves (D:8)
  3 kobold brigands
  6 bullfrogs
  5 gnoll sergeants
  A scorpion (D:6)
  11 wights
  A killer bee (D:9)
  3 bombardier beetles
  A howler monkey (D:9)
  A quasit (D:5)
  2 hounds (D:6)
  A gnoll bouda (D:8)
  5 orc priests
  5 iguanas
  A sleepcap (D:4)
  13 orc wizards
  16 gnolls
  11 adders
  A shadow imp (D:5)
  3 white imps (D:5)
  3 ufetubi (D:5)
  A ribbon worm (D:2)
  36 orcs
  11 bats
  10 endoplasms
  A giant cockroach (D:4)
  10 goblins
  7 hobgoblins
  4 jackals (D:4)
  4 quokkas
  8 ball pythons
  4 frilled lizards
  18 kobolds
  4 rats
267 creatures vanquished.

Notes
Turn   | Place    | Note
-------+----------+-------------------------------------------
     0 | D:1      | Fodor the Minotaur Fighter began the quest for the Orb.
     0 | D:1      | Reached XP level 1. HP: 19/19 MP: 0/0
   150 | D:1      | Reached XP level 2. HP: 26/27 MP: 1/1
   155 | D:1      | Found a faded altar of an unknown god.
   787 | D:1      | Reached XP level 3. HP: 33/33 MP: 2/2
  1098 | D:2      | Noticed a black bear
  1108 | D:2      | Killed a black bear
  1109 | D:2      | Reached XP level 4. HP: 13/41 MP: 3/3
  1244 | D:2      | Reached XP level 5. HP: 47/47 MP: 4/4
  1556 | D:2      | Reached skill level 1 in Ranged Weapons
  1790 | D:3      | Reached skill level 1 in Dodging
  1966 | D:3      | Identified the +5 ring mail of Inuilopp {+Blink rPois rF+
                  | Str+3}
  2103 | D:3      | Reached XP level 6. HP: 53/53 MP: 5/5
  2306 | D:3      | Found Raaqo's Weapon Emporium.
  3189 | D:4      | Reached skill level 5 in Axes
  3189 | D:4      | Reached skill level 5 in Armour
  3498 | D:4      | Reached XP level 7. HP: 42/60 MP: 6/6
  3902 | D:5      | Entered Level 5 of the Dungeon
  3945 | D:5      | Noticed Pikel
  3953 | D:5      | Killed Pikel
  3954 | D:5      | Reached skill level 5 in Fighting
  3954 | D:5      | Reached skill level 3 in Maces & Flails
  3954 | D:5      | Reached skill level 5 in Shields
  3954 | D:5      | Reached XP level 8. HP: 12/68 MP: 7/7
  4140 | D:5      | Found Mayghec's General Store.
  4192 | D:5      | Found Hexzaheh's Antique Armour Emporium.
  4320 | D:5      | Found Ekogetud's Assorted Antiques.
  4524 | D:5      | Reached skill level 4 in Maces & Flails
  4946 | D:5      | Noticed Eustachio
  4974 | D:5      | Killed Eustachio
  4991 | D:5      | Found a staircase to the Ecumenical Temple.
  4996 | Temple   | Entered the Ecumenical Temple
  5105 | Temple   | Became a worshipper of Gozag Ym Sagoz the Greedy
  5374 | D:5      | Bought an arbalest for 112 gold pieces
  5374 | D:5      | Bought a scroll labelled EGAAQE ZEFRYU for 25 gold pieces
  5374 | D:5      | Bought a scroll labelled ZAHEAL TEKH for 25 gold pieces
  5374 | D:5      | Bought a scroll labelled EGAAQE ZEFRYU for 25 gold pieces
  5664 | D:6      | Reached skill level 5 in Maces & Flails
  5718 | D:6      | Found a runed translucent door.
  5746 | D:6      | Noticed runemasterragnar's ghost (novice CoHu)
  5759 | D:6      | Noticed an angel
  5761 | D:6      | Found a glowing silver altar of Zin.
  5762 | D:6      | Found a shimmering altar of Xom.
  6024 | D:6      | Reached XP level 9. HP: 69/75 MP: 8/8
  6173 | D:6      | Killed runemasterragnar's ghost
  6174 | D:6      | Reached skill level 6 in Maces & Flails
  6174 | D:6      | Reached skill level 1 in Stealth
  6477 | D:7      | Reached skill level 7 in Maces & Flails
  6559 | D:7      | Found an ancient bone altar of Kikubaaqudgha.
  7322 | D:8      | Noticed Grum
  7344 | D:8      | Killed Grum
  7345 | D:8      | Reached skill level 8 in Maces & Flails
  7741 | D:8      | Found a radiant altar of Vehumet.
  7787 | D:8      | Noticed a cyclops
  7791 | D:8      | Reached XP level 10. HP: 84/84 MP: 9/9
  7796 | D:8      | Killed a cyclops
  7845 | D:8      | Found a staircase to the Lair.
  7853 | D:8      | Reached skill level 10 in Armour
  7890 | D:8      | Reached skill level 9 in Maces & Flails
  8921 | D:9      | Noticed a two-headed ogre
  8950 | D:9      | Killed a two-headed ogre
  9209 | D:9      | Reached skill level 10 in Maces & Flails
  9350 | D:9      | Found a staircase to the Orcish Mines.
  9536 | D:9      | Noticed a boulder beetle
  9561 | D:9      | Noticed a two-headed ogre
  9566 | D:9      | Reached XP level 11. HP: 30/94 MP: 10/10
  9566 | D:9      | Noticed a two-headed ogre
  9641 | D:9      | Killed a two-headed ogre
  9642 | D:9      | Reached skill level 11 in Maces & Flails
  9852 | D:9      | Killed a boulder beetle
 10005 | D:5      | Bought a pair of gloves for 139 gold pieces
 10063 | D:5      | Bought a purple potion for 22 gold pieces
 10063 | D:5      | Bought a wand of light (8) for 840 gold pieces
 10609 | D:5      | Bought a scroll of revelation for 97 gold pieces
 10609 | D:5      | Bought a scroll of enchant weapon for 97 gold pieces
 10833 | D:9      | Killed a two-headed ogre
 11035 | D:9      | Reached skill level 5 in Dodging
 11197 | D:10     | Entered Level 10 of the Dungeon
 11230 | D:10     | Found a portal to a secret trove of treasure.
 11345 | D:10     | Reached skill level 12 in Maces & Flails
 11605 | D:10     | Noticed Maggie
 11614 | D:10     | Killed Maggie
 11644 | D:10     | Found a sparkling altar of Nemelex Xobeh.
 11644 | D:10     | Found a glowing golden altar of the Shining One.
 11645 | D:10     | Found a hazy altar of Hepliaklqana.
 11686 | D:10     | Noticed a skeletal warrior
 11686 | D:10     | Noticed an eight-headed hydra
 11688 | D:10     | Noticed a deep elf pyromancer
 11689 | D:10     | Noticed a centaur warrior
 11690 | D:10     | Noticed a boulder beetle
 11702 | D:10     | Noticed a skeletal warrior
 11703 | D:10     | Slain by a skeletal warrior

Illustrated notes

Levels and vault maps discovered:
D:1:      scummos_arrival_checkerplants, layout_basic,
          hellmonk_ecumenical_altar_blasted, chequers_serial_rivers_micro_e,
          minmay_liquid_box, st_stairs_14
D:2:      layout_rooms, st_stairs_14, mrwooster_statue_mirror
D:3:      layout_loops_corners, serial_shops, nicolae_shop_crystal,
          minmay_misc_feat_five
D:4:      layout_basic
D:5:      layout_basic, temple_doors_ab, serial_demonic, serial_demonic_d,
          serial_demonic_a, serial_demonic_b, serial_demonic_b,
          serial_demonic_b, serial_shops, nicolae_shop_statue_plus, shop, shop,
          uniq_pikel, uniq_eustachio
D:6:      layout_rooms, grunt_temple_overflow_order_and_chaos_1,
          ebering_ghost_sewer_d
D:7:      layout_basic, kiku_gazebo_garden_becter, minivault_23,
          minmay_misc_feat_encased
D:8:      hellmonk_crumbling_castle, layout_layer_cave,
          mainiacjoe_overflow_boulevard, erik_lair_orcish_takeover, uniq_grum
D:9:      nzn_winding_woodlands_small [nzn_winding_woodlands_5x15_cabin,
          nzn_winding_woodlands_center_garden,
          nzn_winding_woodlands_5x15_sawtooth], layout_rooms, orc_0_dummy,
          serial_library_hellmonk_statue_hall
D:10:     minmay_the_grid_square_5x5_3x3 [minmay_the_grid_square_5x5_corner,
          minmay_the_grid_square_5x5_two, minmay_the_grid_square_5x5_shrine2,
          minmay_the_grid_square_5x5_dogpile,
          minmay_the_grid_square_5x5_megaprize_open,
          minmay_the_grid_square_5x5_percent,
          minmay_the_grid_square_5x5_shuriken, minmay_the_grid_square_5x5_six,
          minmay_the_grid_square_5x5_eight], layout_long_grid,
          nicolae_overflow_quartered_altars, nicolae_trove_entry_columns,
          uniq_maggie
Temple:   minmay_temple_curvy_branch

Skill      XL: |  1  2  3  4  5  6  7  8  9 10 11 |
---------------+----------------------------------+-----
Armour         | 4 5 6 8 9 11 | 11.6
Fighting       | 4 5 6 8 9 |  9.0
Axes           | 3 4 5 6 |  6.0
Shields        | 4 5 6 7 8 9 |  9.0
Ranged Weapons | 2 |  2.2
Dodging        | 1 2 3 4 5 |  5.1
Maces & Flails | 3 5 8 10 12 | 12.2
Stealth        | 2 3 |  3.6

Action                     |  1- 3 |  4- 6 |  7- 9 | 10-12 || total
---------------------------+-------+-------+-------+-------++-------
  Melee: War axe           |    56 |    85 |       |       ||   141
         Headbutt          |    10 |    12 |    39 |    61 ||   122
         Flail             |       |    23 |   304 |   331 ||   658
   Fire: Sling             |       |    44 |       |       ||    44
    Use: Scroll            |       |       |     5 |    12 ||    17
         Potion            |       |       |       |     8 ||     8
   Stab: Sleeping          |       |       |     3 |     6 ||     9
         Distracted        |       |       |       |     2 ||     2
 Armour: Scale mail        |    70 |    94 |       |       ||   164
         Chain mail        |       |    15 |   128 |       ||   143
         Shadow dragon sca |       |       |   154 |   400 ||   554
  Dodge: Dodged            |    19 |    60 |   150 |   150 ||   379
  Block: Buckler           |    14 |    33 |    80 |   120 ||   247

Table legend: (Time is in decaauts)
 A = Elapsed time spent in this place.
 B = Non-inter-level travel time spent in this place.
 C = Inter-level travel time spent in this place.
 D = Time resting spent in this place.
 E = Time spent auto-exploring this place.
 F = Levels seen in this place.
 G = Mean time per level.
                   A        B        C        D        E       F      G
               +--------+--------+--------+--------+--------+-----+--------+
         Total |  11837 |  10953 |    884 |    799 |   6398 |  11 | 1076.1 |
       Dungeon |  11699 |  10815 |    884 |    799 |   6398 |  10 | 1169.9 |
        Temple |    137 |    137 |      0 |      0 |      0 |   1 |  137.0 |
               +--------+--------+--------+--------+--------+-----+--------+

Top non-repeatable levels by time:
     D:8: 1890 daAuts
     D:5: 1780 daAuts
     D:4: 1597 daAuts
     D:9: 1159 daAuts
     D:7: 1118 daAuts
     D:1: 1117 daAuts
     D:3: 1109 daAuts
     D:6: 739 daAuts
     D:2: 675 daAuts
    D:10: 513 daAuts
  Temple: 137 daAuts
